 Dungeon Crawl Stone Soup version 0.31-a0-788-ga445dbd2db (webtiles) character file.

Game seed: 8680331502361404672

70 CrazyBamboolord the Shield-Bearer (level 4, 0/37 HPs)
             Began as a Formicid Fighter on Sept 18, 2023.
             Slain by an adder (1 damage)
             ... on level 3 of the Dungeon.
             The game lasted 00:02:16 (1057 turns).

CrazyBamboolord the Shield-Bearer (FoFi)            Turns: 1057, Time: 00:02:17

Health: 0/37       AC: 11    Str: 23    XL:     4   Next: 45%
Magic:  4/4        EV:  6    Int:  7    God:
Gold:   18         SH:  5    Dex: 13    Spells: 3/3 levels left

rFire   . . .        a - +0 war axe
rCold   . . .        c - +0 buckler
rNeg    . . .        f - +0 plate armour
rPois   .            (helmet unavailable)
rElec   .            (no cloak)
rCorr   .            (no gloves)
SInv    +            (no boots)
Will    .....        (no amulet) Stlth
                     (no ring)
HPRegen 0.26/turn    (no ring)
MPRegen 0.09/turn

%: no passive effects
@: lethally poisoned (0 -> -2), attractive
A: permanent stasis, dig shafts and tunnels, antennae 3, four strong arms
a: Dig, Shaft Self


You were on level 3 of the Dungeon.
You visited 1 branch of the dungeon, and saw 3 of its levels.

You collected 18 gold pieces.

Inventory:

Hand Weapons
 a - a +0 war axe (weapon)
Armour
 c - a +0 buckler (worn)
 f - a +0 plate armour (worn)
Scrolls
 e - 2 scrolls of identify {unknown}
Potions
 b - a potion of haste
 d - a potion of might


   Skills:
 * Level 4.0 Fighting
 * Level 2.8 Axes
 * Level 4.0 Armour
 + Level 4.4 Shields


You had 3 spell levels left.
You didn't know any spells.
Your spell library was empty.

Dungeon Overview and Level Annotations

Branches:
Dungeon (3/15)

Altars:

Shops:
D:1 :


Innate Abilities, Weirdness & Mutations

You cannot be hasted, slowed, berserked, paralysed or teleported.
You can dig through walls and to a lower floor.
You have a pair of large antennae on your head. (SInv)
Your four strong arms can wield two-handed weapons with a shield.


Message History

The gnoll barely misses you. The adder bites you but does no damage.
There are monsters nearby!
You barely miss the adder. You block the adder's attack.
The gnoll hits you from afar with a +0 halberd.
You block the adder's attack.
There are monsters nearby!
You closely miss the adder.
An orc comes into view. It is wielding a +0 whip.
The gnoll hits you from afar with a +0 halberd.
You block the adder's attack.
The gnoll hits you from afar with a +0 halberd.
There are monsters nearby!
You miss the adder. The adder bites you but does no damage.
The adder completely misses you.
The gnoll hits you from afar with a +0 halberd.
There are monsters nearby!
You miss the adder. The adder bites you but does no damage.
The gnoll hits you from afar with a +0 halberd!
The adder bites you but does no damage.
The gnoll hits you from afar with a +0 halberd.
* * * LOW HITPOINT WARNING * * *
Unknown command.
The adder attacks as it pursues you! The adder bites you.
* * * LOW HITPOINT WARNING * * *
You are lethally poisoned!
The adder poisons you! The adder bites you but does no damage.
It was a potion of haste.
Your stasis prevents you from being hasted.
* * * LOW HITPOINT WARNING * * *
You feel sick. The adder bites you but does no damage.
* * * LOW HITPOINT WARNING * * *
You feel sick. The adder attacks as it pursues you!
You block the adder's attack.
It was a potion of attraction.
You feel attractive to monsters.
* * * LOW HITPOINT WARNING * * *
You feel sick. The adder bites you but does no damage.
* * * LOW HITPOINT WARNING * * *
You feel sick. The adder bites you.
You die...

. .## ....
##... ..#.#####
# #.......# #.
#...# #<#
#.###.#####.#
#........†..#
###@#########
#S# #g# #o# #.#
...........#
..............+
##..###....####
#. #.#<.#


You could see a gnoll, an adder and an orc.

Vanquished Creatures
  3 gnolls (D:2)
  A worm (D:2)
  2 dart slugs
  3 ball pythons
  3 endoplasms
  3 giant cockroaches
  5 hobgoblins
  A quokka (D:1)
  3 bats
  2 frilled lizards
  4 goblins
  5 rats
35 creatures vanquished.

Notes
Turn   | Place    | Note
-------+----------+-------------------------------------------
     0 | D:1      | CrazyBamboolord the Formicid Fighter began the quest for
                  | the Orb.
     0 | D:1      | Reached XP level 1. HP: 18/18 MP: 1/1
    99 | D:1      | Found Yfe Lexu's Book Emporium.
   152 | D:1      | Reached XP level 2. HP: 23/24 MP: 2/2
   585 | D:2      | Reached XP level 3. HP: 23/29 MP: 3/3
   691 | D:2      | Reached XP level 4. HP: 33/37 MP: 4/4
  1057 | D:3      | HP: 1/37 [poisoned by an adder]
  1057 | D:3      | Slain by an adder

Illustrated notes

Levels and vault maps discovered:
D:1:      giann_bridges, layout_loops_ring, serial_shops,
          nicolae_shop_tiny_glass, minmay_crystal_room
D:2:      layout_rooms, st_stairs_11
D:3:      layout_loops_corners

Skill      XL: |  1  2  3  4 |
---------------+-------------+-----
Fighting       | 4 |  4.0
Armour         | 4 |  4.0
Axes           | |  2.8
Shields        | |  4.4

Action                     |  1- 3 |  4- 6 || total
---------------------------+-------+-------++-------
  Melee: War axe           |    68 |    40 ||   108
Ability: Dig               |     1 |       ||     1
    Use: Potion            |       |     2 ||     2
 Armour: Scale mail        |    26 |       ||    26
         Plate armour      |    16 |    44 ||    60
  Dodge: Dodged            |    27 |    15 ||    42
  Block: Buckler           |    16 |    15 ||    31

Table legend: (Time is in decaauts)
 A = Elapsed time spent in this place.
 B = Non-inter-level travel time spent in this place.
 C = Inter-level travel time spent in this place.
 D = Time resting spent in this place.
 E = Time spent auto-exploring this place.
 F = Levels seen in this place.
 G = Mean time per level.
                   A        B        C        D        E       F      G
               +--------+--------+--------+--------+--------+-----+--------+
         Total |   1100 |   1069 |     31 |      0 |    754 |   3 |  366.7 |
       Dungeon |   1100 |   1069 |     31 |      0 |    754 |   3 |  366.7 |
               +--------+--------+--------+--------+--------+-----+--------+

Top non-repeatable levels by time:
     D:1: 592 daAuts
     D:2: 473 daAuts
     D:3: 34 daAuts
